 Dungeon Crawl Stone Soup version 0.30-a0-723-gc1506a1cf0 (webtiles) character file.

Game seed: 5135880224107787571

578 pokeman the Magician (level 7, 0/39 (40) HPs)
             Began as a Deep Elf Hedge Wizard on Jan 28, 2023.
             Slain by Crazy Yiuf
             ... wielding a +4 quarterstaff of chaos
              (10 damage)
             ... on level 5 of the Dungeon.
             The game lasted 00:07:32 (5182 turns).

pokeman the Magician (Deep Elf Hedge Wizard)        Turns: 5182, Time: 00:07:33

HP:   0/39 (40)     AC:  3    Str:  7    XL:     7   Next: 13%
MP:   19/20         EV: 13    Int: 21    God:
Gold: 229           SH:  0    Dex: 14    Spells: 13/21 levels left

rFire   . . .      SeeInvis .    p - +0 dagger (venom)
rCold   . . .      Faith    .    (no shield)
rNeg    + . .      Spirit   .    b - +0 robe
rPois   .          Reflect  .    c - +0 hat
rElec   .          Harm     .    (no cloak)
rCorr   .          Rampage  .    e - +0 pair of gloves
Will    +....                    (no boots)
Stlth   ++                       (no amulet)
HPRegen 0.26/turn                f - ring of positive energy
MPRegen 0.17/turn                n - ring of willpower

@: lightly drained
A: no striking features
a: no special abilities


You were on level 5 of the Dungeon.
You visited 1 branch of the dungeon, and saw 5 of its levels.

You collected 229 gold pieces.

Inventory:

Hand Weapons
 p - a +0 dagger of venom (weapon)
Armour
 b - a +0 robe (worn)
 c - a +0 hat (worn)
 e - a +0 pair of gloves (worn)
Magical Staves
 o - a staff of earth
Jewellery
 f - a ring of positive energy (left hand)
 n - a ring of willpower (right hand)
Wands
 h - a wand of flame (13)
Scrolls
 i - 4 scrolls of identify {unknown}
 j - 3 scrolls of torment {unknown}
 m - 2 scrolls of teleportation {unknown}
Potions
 d - 2 potions of magic
 g - 2 potions of heal wounds {unknown}
 k - a potion of attraction {unknown}
 l - a potion of degeneration {unknown}


   Skills:
 - Level 2.0 Fighting
 + Level 1.0 Armour
 - Level 3.0 Dodging
 - Level 3.0 Stealth
 * Level 7.6 Spellcasting
 + Level 3.6 Conjurations
 + Level 2.3 Summonings
 - Level 1.1 Translocations
 - Level 1.0 Air Magic
 + Level 0.6 Earth Magic
 - Level 1.0 Poison Magic
 - Level 1.0 Evocations


You had 13 spell levels left.
You knew the following spells:

 Your Spells              Type           Power      Damage    Failure   Level
a - Magic Dart            Conj           92%        1d7       1%          1
b - Mephitic Cloud        Conj/Pois/Air  16%        N/A       12%         3
c - Call Imp              Summ           17%        N/A       4%          2
d - Blink                 Tloc           24%        N/A       8%          2

Your spell library contained the following spells:

 Spells                   Type           Power      Damage    Failure   Level
 Slow                     Hex            32%        N/A       9%          1
 Cigotuvi's Dreadful Rot  Necr/Pois/Air  20%        N/A       10%         2


Dungeon Overview and Level Annotations

Branches:
Dungeon (5/15)
 Temple: D:4-7

Altars:
Kikubaaqudgha

Annotations:
D:5 Crazy Yiuf


Message History

Crazy Yiuf is heavily wounded.
Crazy Yiuf misses you.
Your crimson imp hits Crazy Yiuf.
You hit Crazy Yiuf but do no damage.
Crazy Yiuf is heavily wounded.
Crazy Yiuf barely misses you.
Your crimson imp blinks!
You hit Crazy Yiuf.
Crazy Yiuf is heavily wounded.
Crazy Yiuf closely misses you.
You closely miss Crazy Yiuf.
Crazy Yiuf is heavily wounded.
Crazy Yiuf hits you with a +4 quarterstaff of chaos!
* * * LOW HITPOINT WARNING * * *
You partially resist.
You feel drained.
* * * LOW HITPOINT WARNING * * *
Crazy Yiuf hits your crimson imp with a +4 quarterstaff of chaos!
Your crimson imp closely misses Crazy Yiuf.
Crazy Yiuf hits your crimson imp with a +4 quarterstaff of chaos!
Your crimson imp dies!
Your crimson imp disappears in a puff of smoke!
Casting: Call Imp (safe; 4% risk of failure)
Confirm with . or Enter, or press ? or * to list all spells.
Aiming: Magic Dart (safe; 1% risk of failure)
Press: ? - help, Shift-Dir - straight line, f/p - Crazy Yiuf
Aim: Crazy Yiuf, wielding a +4 quarterstaff of chaos and wearing a +2 cloak of poison resistance (purple smoke, heavily wounded, 100% to hit)
The magic dart hits Crazy Yiuf but does no damage.
Crazy Yiuf is heavily wounded.
Aiming: Throw Flame
Press: ? - help, Shift-Dir - straight line, f/p - Crazy Yiuf
Aim: Crazy Yiuf, wielding a +4 quarterstaff of chaos and wearing a +2 cloak of poison resistance (heavily wounded, 72% to hit)
The puff of flame hits Crazy Yiuf.
Crazy Yiuf is almost dead.
Aiming: Throw Flame
Press: ? - help, Shift-Dir - straight line, f/p - Crazy Yiuf
Aim: Crazy Yiuf, wielding a +4 quarterstaff of chaos and wearing a +2 cloak of poison resistance (almost dead, 72% to hit)
The puff of flame misses Crazy Yiuf.
The puff of flame hits the fungus.
The fungus begins to die.
The fungus is lightly damaged.
Crazy Yiuf hits you with a +4 quarterstaff of chaos!
You die...

#..# .# #..# .# #..##.#
#..<#.# #.#.#.#
###########.#.#.# ###
###.#.).+...#.....#
#...##g.#.PP......##.###
#...'.####PP.g@....#.#
#)..### ##..+....##.#
### ######.###.# ### #.#
#.# ..#


You could see Crazy Yiuf.

Vanquished Creatures
  2 ogres (D:4)
  4 orc priests
  An iguana (D:4)
  4 orc wizards (D:4)
  8 adders
  An ufetubus (D:3)
  A dart slug (D:3)
  4 orcs
  8 bats
  14 endoplasms
  6 giant cockroaches
  5 hobgoblins
  9 kobolds
  6 quokkas
  2 ball pythons
  5 frilled lizards
  2 goblins
  5 rats
  3 rat zombies (D:3)
90 creatures vanquished.

Vanquished Creatures (collateral kills)
  An adder (D:2)
  2 orcs (D:4)
  A hobgoblin (D:2)
4 creatures vanquished.

Grand Total: 94 creatures vanquished

Notes
Turn   | Place    | Note
-------+----------+-------------------------------------------
     0 | D:1      | pokeman the Deep Elf Hedge Wizard began the quest for the
                  | Orb.
     0 | D:1      | Reached XP level 1. HP: 10/10 MP: 7/7
   429 | D:1      | Reached XP level 2. HP: 16/16 MP: 6/9
  1246 | D:2      | Reached skill level 5 in Spellcasting
  1573 | D:2      | Reached XP level 3. HP: 20/20 MP: 9/11
  1577 | D:2      | Learned a level 3 spell: Mephitic Cloud
  1580 | D:2      | Learned a level 2 spell: Call Imp
  1583 | D:2      | Learned a level 2 spell: Blink
  1752 | D:2      | Reached skill level 1 in Fighting
  1752 | D:2      | Reached skill level 1 in Armour
  1976 | D:2      | Reached XP level 4. HP: 25/25 MP: 10/13
  2939 | D:3      | Reached XP level 5. HP: 29/29 MP: 11/15
  3045 | D:3      | Reached skill level 6 in Spellcasting
  3451 | D:3      | Reached skill level 1 in Evocations
  3774 | D:3      | Found an ancient bone altar of Kikubaaqudgha.
  3853 | D:4      | Noticed an ogre
  3865 | D:4      | Reached skill level 1 in Poison Magic
  3875 | D:4      | Reached skill level 1 in Air Magic
  3878 | D:4      | Killed an ogre
  3879 | D:4      | Reached XP level 6. HP: 34/34 MP: 3/17
  4046 | D:4      | Reached skill level 7 in Spellcasting
  4659 | D:4      | Reached XP level 7. HP: 9/39 MP: 12/19
  5131 | D:5      | Entered Level 5 of the Dungeon
  5149 | D:5      | Found a runed translucent door.
  5150 | D:5      | Noticed Crazy Yiuf
  5182 | D:5      | Slain by Crazy Yiuf

Illustrated notes

Levels and vault maps discovered:
D:1:      dpeg_arrival_circle_labyrinth_b, layout_loops_ring,
          minmay_misc_feat_pillars
D:2:      minmay_recursive_quarters, layout_loops_ring
D:3:      layout_loops_ring, lemuel_zombie_altar_kikubaaqudgha
D:4:      layout_basic, hangedman_decor_push
D:5:      minmay_diamond_boxcup, layout_loops_corners, serial_shops,
          nicolae_shop_temple_entry_statues_fountains, uniq_crazy_yiuf_cottage,
          uniq_sigmund

Skill      XL: |  1  2  3  4  5  6  7 |
---------------+----------------------+-----
Spellcasting   | 5 6 7 |  7.6
Fighting       | 1 2 |  2.0
Armour         | 1 |  1.0
Conjurations   | 2 3 |  3.6
Stealth        | 3 |  3.0
Dodging        | 3 |  3.0
Evocations     | 1 |  1.0
Poison Magic   | 1 |  1.0
Air Magic      | 1 |  1.0
Summonings     | 2 |  2.3
Translocations | |  1.1
Earth Magic    | |  0.6

Action                     |  1- 3 |  4- 6 |  7- 9 || total
---------------------------+-------+-------+-------++-------
  Melee: Dagger            |     3 |    63 |    10 ||    76
         Punch             |       |     1 |       ||     1
   Cast: Magic Dart        |    87 |   113 |    13 ||   213
         Call Imp          |     1 |     4 |     4 ||     9
         Mephitic Cloud    |       |     9 |     3 ||    12
  Evoke: Wand              |       |       |     3 ||     3
   Stab: Sleeping          |       |     1 |       ||     1
         Confused          |       |     2 |       ||     2
 Armour: Robe              |     7 |    16 |       ||    23
  Dodge: Dodged            |    14 |    38 |     7 ||    59

Table legend: (Time is in decaauts)
 A = Elapsed time spent in this place.
 B = Non-inter-level travel time spent in this place.
 C = Inter-level travel time spent in this place.
 D = Time resting spent in this place.
 E = Time spent auto-exploring this place.
 F = Levels seen in this place.
 G = Mean time per level.
                   A        B        C        D        E       F      G
               +--------+--------+--------+--------+--------+-----+--------+
         Total |   5179 |   5028 |    151 |    108 |   4305 |   5 | 1035.8 |
       Dungeon |   5179 |   5028 |    151 |    108 |   4305 |   5 | 1035.8 |
               +--------+--------+--------+--------+--------+-----+--------+

Top non-repeatable levels by time:
     D:2: 1436 daAuts
     D:4: 1278 daAuts
     D:1: 1226 daAuts
     D:3: 1186 daAuts
     D:5: 50 daAuts
